 Dungeon Sprint DCSS version 0.17-a0-2127-g1cb09f6 (webtiles) character file.

152756 Kidiri the Imperceptible (level 16, -7/66 (67) HPs)
             Began as a Spriggan Enchanter on Oct 22, 2015.
             Was the Champion of Dithmenos.
             Mangled by an Ice Fiend (22 damage)
             ... in the Dungeon (Sprint III: "The Ten Rune Challenge") on Oct 23, 2015.
             The game lasted 01:26:44 (13339 turns).

Kidiri the Imperceptible (Spriggan Enchanter)      Turns: 13339, Time: 01:26:44

HP:   -7/66 (67)    AC:  9    Str:  3    XL:     16   Next: 1%
MP:   46/59         EV: 43    Int: 21    God:    Dithmenos [******]
Gold: 1953          SH:  0    Dex: 25    Spells: 15 memorised, 1 level left

rFire  . . .     SeeInvis +     o - +6 rapier of Plunder {venom, Dex+4}
rCold  + . .     Clarity  .     L - +2 robe {rPois}
rNeg   + + +     SustAt   .     D - +0 buckler of Ceogos {*Confuse rElec rN+ rCorr}
rPois  +         Gourm    .     N - +1 hat of the Gate {rElec Regen+ MP+9 Dex-2}
rElec  +         Spirit   .     q - +1 cloak
rCorr  +         Warding  +     (gloves unavailable)
rMut   .         NoTele   +     (boots unavailable)
MR     +++..                    b - amulet of Cekugob {Ward -Tele rElec rPois rN++ AC+1 EV+1}
Stlth  ++++++++..               z - ring of Nekuxke {rC+ Str-4 Dex+4}
                                C - ring "Sock" {+Fly MR+ MP+9 Str+3 SInv}

@: confused, lethally poisoned (-7 -> -10), darkness, very slightly
contaminated, wreathed by umbra, invisible, very quick, extremely resistant to
hostile enchantments, extraordinarily stealthy
A: unfitting armour, see invisible, herbivore 3, speed 3, slow metabolism 2
a: Shadow Step, Shadow Form, Renounce Religion, Evoke Flight
}: 3/10 runes: serpentine, barnacled, silver


You were in the Dungeon.
You worshipped Dithmenos.
Dithmenos was exalted by your worship.
You were not hungry.

You visited 1 branch You collected 4274 gold pieces.
You spent 2321 gold pieces at shops.

Inventory:

Hand Weapons
 o - the +6 rapier of Plunder (weapon) {venom, Dex+4}
   (You took it off a deep elf demonologist in the Dungeon)

   It poisons the flesh of those it strikes.
   It affects your dexterity (+4).
Armour
 q - a +1 cloak (worn)
 D - the +0 buckler of Ceogos (worn) {*Confuse rElec rN+ rCorr}
   (You acquired it in the Dungeon)

   It insulates you from electricity.
   It protects you from negative energy.
   It protects you from acid and corrosion.
   It may confuse you when you take damage.
 L - a +2 robe of poison resistance (worn)
 N - the +1 hat of the Gate (worn) {rElec Regen+ MP+9 Dex-2}
   (You found it in the Dungeon)

   It affects your dexterity (-2).
   It insulates you from electricity.
   It affects your magic capacity (+9).
   It increases your rate of regeneration.
Jewellery
 b - the amulet of Cekugob (around neck) {Ward -Tele rElec rPois rN++ AC+1 EV+1}
   (You took it off a vault guard in the Dungeon)

   [amulet of warding]

   It may prevent the melee attacks of summoned creatures.
   It affects your AC (+1).
   It affects your evasion (+1).
   It insulates you from electricity.
   It protects you from poison.
   It greatly protects you from negative energy.
   It prevents most forms of teleportation.
 z - the ring of Nekuxke (right hand) {rC+ Str-4 Dex+4}
   (You took it off a deep elf high priest in the Dungeon)

   [ring of protection from cold]

   It affects your strength (-4).
   It affects your dexterity (+4).
   It protects you from cold.
 C - the ring "Sock" (left hand) {+Fly MR+ MP+9 Str+3 SInv}
   (You found it in the Dungeon)

   [ring of magical power]

   It affects your strength (+3).
   It affects your resistance to hostile enchantments.
   It affects your magic capacity (+9).
   It lets you see invisible.
   It lets you fly.
Wands
 E - a wand of lightning (6)
 F - a wand of disintegration (8)
 G - a wand of heal wounds (6)
 I - a wand of enslavement (13)
Scrolls
 a - 2 scrolls of silence
 d - a scroll of holy word
 j - a scroll of blinking
 k - 3 scrolls of remove curse
 p - 4 scrolls of amnesia
 r - 5 scrolls of identify
 s - 2 scrolls of torment
 Q - a scroll of fear
Potions
 c - a potion of agility
 f - 2 potions of ambrosia
 g - 2 potions of haste
 h - 3 potions of magic
 l - a potion of berserk rage
 u - 4 potions of flight
 v - a potion of invisibility
 w - 2 potions of cure mutation
 x - 2 potions of brilliance
Comestibles
 i - 27 royal jellies
 m - 3 fruits


   Skills:
 * Level 18.8 Short Blades
 + Level 10.3 Armour
 * Level 23.5 Dodging
 * Level 25.5 Stealth
 * Level 7.3 Shields
 * Level 20.8 Spellcasting
 + Level 10.1 Conjurations
 + Level 15.7 Hexes
 + Level 16.7 Translocations
 + Level 10.8 Transmutations
 + Level 11.1 Ice Magic
 + Level 7.8 Air Magic
 + Level 7.7 Earth Magic
 + Level 8.4 Poison Magic
 - Level 4.8 Invocations


You had one spell level left.
You knew the following spells:

 Your Spells              Type           Power        Failure   Level  Hunger
a - Corona                Hex            ######.      0%          1    None
b - Ensorcelled Hibernat  Hex/Ice        ######       0%          2    None
c - Confuse               Hex            ######..     0%          3    None
d - Tukima's Dance        Hex            ######..     0%          3    None
e - Dazzling Spray        Conj/Hex       ######..     1%          3    None
f - Apportation           Tloc           #######...   0%          1    None
g - Passwall              Trmt/Erth      ######....   1%          3    None
h - Passage of Golubria   Tloc           N/A          1%          4    None
i - Lee's Rapid Deconstr  Erth           ######....   2%          5    None
j - Darkness              Hex            ######....   1%          6    ###....
k - Invisibility          Hex            ######..     1%          6    ###....
l - Mephitic Cloud        Conj/Pois/Air  ######..     1%          3    None
m - Freezing Cloud        Conj/Ice/Air   ######....   10%         6    ###....
n - Poisonous Cloud       Conj/Pois/Air  ######....   10%         6    ###....
o - Stone Arrow           Conj/Erth      ######       1%          3    None


Dungeon Overview and Level Annotations

Branches:
Dungeon (1/1)

Altars:
Cheibriados
Dithmenos
Elyvilon
Fedhas
Gozag
Kikubaaqudgha
Makhleb
Nemelex Xobeh
Okawaru
Qazlal
Ru
Sif Muna
Trog
Vehumet
Xom
Yredelemnul
Zin
The Shining One
Jiyva
Lugonu

Shops:
D =(??:[:(??!}*[=(%}:

Annotations:
D the iron giant


Innate Abilities, Weirdness & Mutations

You are tiny and cannot use many weapons and most armour.
You have supernaturally acute eyesight.
You are a herbivore.
You cover ground extremely quickly.
You need consume almost no food.


Message History

The iron shot hits the ancient lich.
The Ice Fiend claws you but does no damage.
The Ice Fiend completely misses you.
The ancient lich shouts!
You hit the ancient lich.
The ancient lich is moderately damaged.
Unknown command.
You closely miss the ancient lich.
The ancient lich is moderately damaged.
Your shadow hits the ancient lich but does no damage.
The Ice Fiend gestures at you. The bolt of cold misses you.
The ancient lich points at you and mumbles some strange words.
The poison arrow hits you!
You are poisoned.
You partially resist.
Ouch! That really hurt!
* * * LOW HITPOINT WARNING * * *
You emit a cloud of dark smoke.
The Ice Fiend claws you!!
You die...

,,*****,,≈*,▓..#,,,,,,,,,,,,,,*
,**,,,**,≈*,▓.^#.M#*********,,*
***,*,,**+**▓.^#..#,,,,,,,,*,,*
***,**,**,,,▓..#..#,,,,,,,,*,,*
≈+*,**,****,▓..#..#,,,,,,,,*,,*
,*,,**,,,,,,▓%.#.^#,,,,,,,,*,,*
,*******+***▓..#.§#+********,,*
,*,,+≈⌠,,,≈,▓^C#11#,,,,,,,,,,,*
≈+,,*≈≈,≈,≈,▓^§L@§#,,,,,,,,,,,*
,*,,*,≈,≈,≈,▓######************
,*,,*,,,≈,,,*******************
+*******+****,+,,,,*,,+,,,*,,,*
*,*,*,*,*,*,*,*,,,,*,**,,,*,,,*
,*,*,*,*,*,**,*,,,,*,,*≈≈≈*,,,*
*,*,*,*,*,*,*,***+***,*≈≈≈*,*,*
*************,*,,,,*,,*,,,*,*,*
*,,,,+,,,,*,+,*,,,,*,**,,,*,*,*


You could see the iron giant, an ancient lich (invisible) and 2 Ice Fiends.

Vanquished Creatures
  Norris (D)
  Sigmund (D)
  A golden dragon (D)
  2 liches (D)
  Rupert (D)
  A deep elf blademaster (D)
  2 quicksilver dragons (D)
  Polyphemus (D)
  Gastronok (D)
  2 sphinxes (D)
  Chuck (D)
  2 shadow dragons (D)
  A greater naga (D)
  Ilsuiw (D)
  A fire giant (D)
  Maud (D)
  3 frost giants (D)
  2 deep elf demonologists (D)
  A stone giant (D)
  2 deep elf annihilators (D)
  Azrael (D)
  2 dire elephants (D)
  A merfolk javelineer (D)
  A mummy priest (D)
  2 deep elf high priests (D)
  A fire dragon (D)
  Josephine (D)
  16 vault guards (D)
  3 yaktaur captains (D)
  2 hydras (D)
  A naga warrior (D)
  3 anacondas (D)
  3 centaur warriors (D)
  4 dancing weapons (D)
  An ogre mage (D)
  2 orc high priests (D)
  4 death yaks (D)
  An iron golem (D)
  A deep elf knight (D)
  4 hell knights (D)
  4 skeletal warriors (D)
  A spriggan druid (D)
  2 deep trolls (shapeshifter) (D)
  A giant orange brain (shapeshifter) (D)
  A death drake (D)
  A sea snake (D)
  A deep elf summoner (D)
  An unseen horror (D)
  An obsidian statue (D)
  A lindwurm (D)
  3 ugly things (D)
  An orc sorcerer (D)
  4 crystal guardians (D)
  A guardian serpent (D)
  A cyclops (shapeshifter) (D)
  6 black mambas (D)
  2 elephants (D)
  Edmund (D)
  An orange crystal statue (D)
  2 spiny frogs (D)
  2 yaktaurs (D)
  A fire drake (D)
  A komodo dragon (D)
  A guardian mummy (D)
  3 wandering mushrooms (D)
  A two-headed ogre (shapeshifter) (D)
  A queen bee (D)
  3 deep elf priests (D)
  4 spriggan defenders (D)
  8 blink frogs (D)
  5 slime creatures (D)
  3 redbacks (D)
  2 spriggans (D)
  A shadow (D)
  A spatial vortex (D)
  A swamp drake (D)
  3 orc warriors (D)
  5 water moccasins (D)
  2 hydra simulacra (D)
  A black mamba simulacrum (D)
  A black bear (shapeshifter) (D)
  2 centaurs (D)
  A sky beast (shapeshifter) (D)
  A necrophage (D)
  An earth elemental (D)
  2 brain worms (D)
  A water elemental (D)
  32 killer bees (D)
  An electric eel (D)
  A jelly (D)
  2 orc wizards (D)
  Crazy Yiuf (D)
  5 orc priests (D)
  Jessica (D)
  A wizard (D)
  2 necromancers (D)
  3 sheep (D)
  3 humans (D)
  A kobold demonologist (D)
  A wolf simulacrum (D)
  10 adders (D)
  A giant eyeball (D)
  An ooze (D)
  7 orcs (D)
  2 rats (D)
  8 bushes (D)
  4 butterflies (D)
  14 plants (D)
277 creatures vanquished.

Vanquished Creatures (collateral kills)
  A deep elf conjurer (D)
  2 nagas (D)
  An orc warrior (D)
  A butterfly (D)
5 creatures vanquished.

Vanquished Creatures (others)
  2 draconian scorchers (D)
  2 dancing weapons (D)
  2 yaktaurs (D)
  A plant (D)
7 creatures vanquished.

Grand Total: 289 creatures vanquished

Notes
Turn   | Place    | Note
--------------------------------------------------------------
     0 | D        | Kidiri the Spriggan Enchanter began the quest for the Orb.
     0 | D        | Reached XP level 1. HP: 9/9 MP: 5/5
    15 | D        | Reached skill level 5 in Stealth
    52 | D        | Noticed Jessica
    71 | D        | Killed Jessica
    71 | D        | Reached skill level 1 in Armour
    71 | D        | Reached skill level 6 in Stealth
    71 | D        | Reached XP level 2. HP: 13/13 MP: 5/8
    71 | D        | Reached XP level 3. HP: 16/16 MP: 5/9
   118 | D        | Learned a level 2 spell: Ensorcelled Hibernation
   122 | D        | Learned a level 3 spell: Confuse
   126 | D        | Learned a level 3 spell: Dazzling Spray
   132 | D        | Noticed Crazy Yiuf
   135 | D        | Killed Crazy Yiuf
   135 | D        | Reached skill level 5 in Dodging
   140 | D        | Reached skill level 7 in Stealth
   140 | D        | Reached skill level 5 in Spellcasting
   140 | D        | Reached skill level 1 in Conjurations
   140 | D        | Reached skill level 1 in Ice Magic
   140 | D        | Reached XP level 4. HP: 21/21 MP: 10/12
   149 | D        | Killed a yaktaur
   151 | D        | Learned a level 3 spell: Tukima's Dance
   171 | D        | Killed a white draconian scorcher
   182 | D        | Gained mutation: Your body sometimes deteriorates upon taking damage. [potion of mutation]
   182 | D        | Gained mutation: You can spit weak poison. [potion of mutation]
   182 | D        | Gained mutation: You possess an exceptional clarity of mind. [potion of mutation]
   183 | D        | Gained mutation: You are frail (-10% HP). [potion of mutation]
   183 | D        | Gained mutation: You occasionally shout uncontrollably at your foes. [potion of mutation]
   184 | D        | Lost mutation: You are frail (-10% HP). [potion of cure mutation]
   184 | D        | Lost mutation: Your body sometimes deteriorates upon taking damage. [potion of cure mutation]
   184 | D        | Lost mutation: You occasionally shout uncontrollably at your foes. [potion of cure mutation]
   184 | D        | Lost mutation: You can spit weak poison. [potion of cure mutation]
   184 | D        | Lost mutation: You possess an exceptional clarity of mind. [potion of cure mutation]
   227 | D        | Killed a white draconian scorcher
   231 | D        | Noticed a water elemental
   233 | D        | Killed a water elemental
   233 | D        | Reached skill level 5 in Hexes
   245 | D        | Noticed a jelly
   246 | D        | Noticed a shadow
   268 | D        | Killed a shadow
   268 | D        | Reached skill level 5 in Short Blades
   268 | D        | Reached skill level 9 in Stealth
   268 | D        | Reached XP level 5. HP: 19/24 MP: 1/15
   268 | D        | Reached XP level 6. HP: 22/28 MP: 1/16
   406 | D        | Killed a jelly
   415 | D        | Found a stormy altar of Qazlal.
   416 | D        | Found a sacrificial altar of Ru.
   416 | D        | Found a burning altar of Makhleb.
   416 | D        | Found a viscous altar of Jiyva.
   416 | D        | Found a shimmering altar of Xom.
   416 | D        | Found a shadowy altar of Dithmenos.
   416 | D        | Found a sparkling altar of Nemelex Xobeh.
   416 | D        | Found a corrupted altar of Lugonu.
   416 | D        | Found an opulent altar of Gozag.
   416 | D        | Noticed a spatial vortex
   420 | D        | Became a worshipper of Dithmenos the Shadowed
   422 | D        | Killed a spatial vortex
   422 | D        | Reached skill level 10 in Stealth
   422 | D        | Reached skill level 1 in Invocations
   450 | D        | Found a radiant altar of Vehumet.
   451 | D        | Found a deep blue altar of Sif Muna.
   451 | D        | Found an ancient bone altar of Kikubaaqudgha.
   451 | D        | Noticed a wizard
   452 | D        | Killed a wizard
   461 | D        | Learned a level 1 spell: Apportation
   491 | D        | Found a glowing silver altar of Zin.
   492 | D        | Found a glowing golden altar of the Shining One.
   492 | D        | Found a white marble altar of Elyvilon.
   492 | D        | Noticed a deep elf priest
   494 | D        | Killed a deep elf priest
   494 | D        | Reached * piety under Dithmenos
   494 | D        | Reached XP level 7. HP: 32/32 MP: 17/19
   510 | D        | Found an iron altar of Okawaru.
   511 | D        | Found a bloodstained altar of Trog.
   511 | D        | Noticed a human
   511 | D        | Noticed a human
   515 | D        | Killed a human
   515 | D        | Reached skill level 11 in Stealth
   521 | D        | Killed a human
   521 | D        | Reached skill level 10 in Dodging
   617 | D        | Found a snail-covered altar of Cheibriados.
   617 | D        | Noticed a necrophage
   618 | D        | Found a basalt altar of Yredelemnul.
   618 | D        | Found a blossoming altar of Fedhas.
   618 | D        | Noticed a necromancer
   619 | D        | Killed a necrophage
   619 | D        | Reached XP level 8. HP: 36/36 MP: 22/22
   620 | D        | Killed a necromancer
   620 | D        | Reached ** piety under Dithmenos
   678 | D        | Noticed Josephine
   680 | D        | Killed Josephine
   680 | D        | Reached skill level 12 in Stealth
   688 | D        | Noticed an earth elemental
   691 | D        | Killed an earth elemental
   691 | D        | Reached skill level 10 in Spellcasting
   691 | D        | Reached skill level 5 in Translocations
   696 | D        | Noticed a centaur
   696 | D        | Noticed a centaur warrior
   696 | D        | Noticed a centaur
   698 | D        | Killed a centaur
   700 | D        | Killed a centaur warrior
   700 | D        | Reached *** piety under Dithmenos
   700 | D        | Reached skill level 13 in Stealth
   700 | D        | Reached XP level 9. HP: 39/39 MP: 24/24
   701 | D        | Killed a centaur
   798 | D        | Noticed an unseen horror
   800 | D        | Killed an unseen horror
   810 | D        | Noticed a killer bee
   810 | D        | Noticed a killer bee
   810 | D        | Noticed a killer bee
   810 | D        | Noticed a killer bee
   810 | D        | Noticed a killer bee
   810 | D        | Noticed a killer bee
   810 | D        | Noticed a killer bee
   810 | D        | Noticed a killer bee
   810 | D        | Noticed a killer bee
   810 | D        | Noticed a killer bee
   810 | D        | Noticed a killer bee
   810 | D        | Noticed a killer bee
   810 | D        | Noticed a killer bee
   810 | D        | Noticed a killer bee
   810 | D        | Noticed a killer bee
   811 | D        | Noticed a killer bee
   811 | D        | Noticed a killer bee
   811 | D        | Noticed a killer bee
   811 | D        | Noticed a killer bee
   811 | D        | Noticed a killer bee
   811 | D        | Noticed a killer bee
   811 | D        | Noticed a killer bee
   811 | D        | Noticed a killer bee
   811 | D        | Noticed a killer bee
   811 | D        | Noticed a killer bee
   811 | D        | Noticed a queen bee
   811 | D        | Noticed a killer bee
   811 | D        | Noticed a killer bee
   811 | D        | Noticed a killer bee
   811 | D        | Noticed a killer bee
   811 | D        | Noticed a killer bee
   811 | D        | Noticed a killer bee
   811 | D        | Noticed a killer bee
   814 | D        | Killed a killer bee
   818 | D        | Killed a killer bee
   820 | D        | Killed a killer bee
   820 | D        | Reached **** piety under Dithmenos
   822 | D        | Killed a killer bee
   822 | D        | Reached skill level 14 in Stealth
   824 | D        | Killed a killer bee
   826 | D        | Killed a killer bee
   826 | D        | Reached skill level 10 in Short Blades
   829 | D        | Killed a killer bee
   831 | D        | Killed a killer bee
   831 | D        | Reached ***** piety under Dithmenos
   833 | D        | Killed a killer bee
   871 | D        | Killed a killer bee
  1006 | D        | Killed a killer bee
  1006 | D        | Reached skill level 5 in Ice Magic
  1013 | D        | Killed a killer bee
  1015 | D        | Killed a killer bee
  1017 | D        | Killed a killer bee
  1019 | D        | Killed a killer bee
  1021 | D        | Killed a killer bee
  1021 | D        | Reached XP level 10. HP: 44/44 MP: 15/26
  1023 | D        | Killed a killer bee
  1027 | D        | Killed a killer bee
  1029 | D        | Killed a killer bee
  1031 | D        | Killed a killer bee
  1033 | D        | Killed a killer bee
  1033 | D        | Reached ****** piety under Dithmenos
  1035 | D        | Killed a killer bee
  1037 | D        | Killed a killer bee
  1188 | D        | Killed a killer bee
  1193 | D        | Killed a killer bee
  1195 | D        | Killed a killer bee
  1197 | D        | Killed a killer bee
  1199 | D        | Killed a killer bee
  1201 | D        | Killed a killer bee
  1203 | D        | Killed a killer bee
  1207 | D        | Killed a killer bee
  1209 | D        | Killed a killer bee
  1213 | D        | Killed a queen bee
  1213 | D        | Reached skill level 5 in Armour
  1213 | D        | Reached skill level 15 in Stealth
  1395 | D        | Noticed a wandering mushroom
  1396 | D        | Noticed a wandering mushroom
  1396 | D        | Noticed a wandering mushroom
  1398 | D        | Killed a wandering mushroom
  1402 | D        | Killed a wandering mushroom
  1405 | D        | Killed a wandering mushroom
  1489 | D        | Noticed a spiny frog
  1489 | D        | Noticed a komodo dragon
  1489 | D        | Noticed a spiny frog
  1497 | D        | Killed a spiny frog
  1497 | D        | Reached skill level 5 in Conjurations
  1499 | D        | Killed a komodo dragon
  1500 | D        | Killed a spiny frog
  1505 | D        | Noticed a redback
  1509 | D        | Killed a redback
  1510 | D        | Noticed a brain worm
  1513 | D        | Killed a brain worm
  1534 | D        | Noticed a brain worm
  1537 | D        | Killed a brain worm
  1543 | D        | Noticed a lindwurm
  1545 | D        | Noticed a redback
  1546 | D        | Killed a lindwurm
  1546 | D        | Reached skill level 16 in Stealth
  1549 | D        | Killed a redback
  1569 | D        | Noticed a redback
  1570 | D        | Killed a redback
  1571 | D        | Noticed Maud
  1573 | D        | Killed Maud
  1573 | D        | Reached skill level 10 in Hexes
  1573 | D        | Reached XP level 11. HP: 47/47 MP: 27/29
  1748 | D        | Noticed an electric eel
  1749 | D        | Noticed a seven-headed hydra
  1749 | D        | Noticed a four-headed hydra
  1750 | D        | Killed an electric eel
  1767 | D        | Killed a seven-headed hydra
  1767 | D        | Reached skill level 15 in Dodging
  1780 | D        | Killed a four-headed hydra
  1895 | D        | Noticed a death drake
  1898 | D        | Killed a death drake
  1898 | D        | Reached skill level 17 in Stealth
  1905 | D        | Found a blossoming altar of Fedhas.
  1905 | D        | Noticed a spriggan
  1905 | D        | Noticed a spriggan druid
  1905 | D        | Noticed a spriggan
  1907 | D        | Killed a spriggan druid
  1908 | D        | Killed a spriggan
  1909 | D        | Killed a spriggan
  1939 | D        | Noticed a water moccasin
  1939 | D        | Noticed a water moccasin
  1939 | D        | Noticed a water moccasin
  1941 | D        | Killed a water moccasin
  1946 | D        | Killed a water moccasin
  1957 | D        | Killed a water moccasin
  2014 | D        | Noticed a water moccasin
  2014 | D        | Noticed a water moccasin
  2014 | D        | Noticed a black mamba
  2016 | D        | Killed a black mamba
  2018 | D        | Killed a water moccasin
  2023 | D        | Killed a water moccasin
  2103 | D        | Noticed an anaconda
  2103 | D        | Noticed a black mamba
  2103 | D        | Noticed a black mamba
  2103 | D        | Noticed a black mamba
  2104 | D        | Noticed an anaconda
  2104 | D        | Noticed an anaconda
  2105 | D        | Killed an anaconda
  2105 | D        | Reached skill level 10 in Translocations
  2106 | D        | Killed a black mamba
  2132 | D        | Killed a black mamba
  2135 | D        | Killed an anaconda
  2135 | D        | Reached skill level 18 in Stealth
  2138 | D        | Killed a black mamba
  2295 | D        | Killed an anaconda
  2337 | D        | Noticed a naga
  2339 | D        | Killed a naga
  2368 | D        | Noticed a naga
  2369 | D        | Noticed a naga warrior
  2369 | D        | Noticed a greater naga
  2369 | D        | Found Wuudeu's Magic Scroll Shop.
  2369 | D        | Found Ocoduiku's Book Shoppe.
  2369 | D        | Found Lyvent's Antique Armour Boutique.
  2380 | D        | Killed a naga
  2448 | D        | Killed a naga warrior
  2448 | D        | Reached XP level 12. HP: 30/51 MP: 16/31
  2472 | D        | Noticed a guardian serpent
  2483 | D        | Killed a guardian serpent
  2603 | D        | Killed a greater naga
  2603 | D        | Reached skill level 15 in Spellcasting
  2609 | D        | Got a serpentine rune of Zot
  2761 | D        | Noticed a swamp drake
  2761 | D        | Noticed a fire drake
  2762 | D        | Killed a fire drake
  2764 | D        | Killed a swamp drake
  2770 | D        | Noticed a blink frog
  2770 | D        | Noticed a blink frog
  2771 | D        | Noticed a blink frog
  2771 | D        | Noticed a blink frog
  2771 | D        | Noticed a blink frog
  2775 | D        | Killed a blink frog
  2777 | D        | Killed a blink frog
  2780 | D        | Killed a blink frog
  2782 | D        | Killed a blink frog
  2787 | D        | Killed a blink frog
  3005 | D        | Noticed Rupert
  3065 | D        | Killed Rupert
  3065 | D        | Reached skill level 19 in Stealth
  3274 | D        | Noticed a death yak
  3275 | D        | Noticed a death yak
  3275 | D        | Noticed a blink frog
  3276 | D        | Noticed an azure jelly
  3276 | D        | Noticed a death yak
  3276 | D        | Noticed an azure jelly
  3276 | D        | Noticed a blink frog
  3276 | D        | Noticed a death yak
  3277 | D        | Killed a death yak
  3278 | D        | Killed a death yak
  3279 | D        | Noticed a blink frog
  3292 | D        | Killed a death yak
  3295 | D        | Killed a blink frog
  3299 | D        | Killed a death yak
  3302 | D        | Killed a blink frog
  3333 | D        | Killed a yaktaur
  3341 | D        | Killed a blink frog
  3342 | D        | Noticed an azure jelly
  3342 | D        | Noticed an azure jelly
  3440 | D        | Noticed a black mamba
  3441 | D        | Noticed a black mamba
  3443 | D        | Killed a black mamba
  3444 | D        | Killed a black mamba
  3663 | D        | Noticed Polyphemus
  3664 | D        | Noticed Ilsuiw
  3665 | D        | Killed Polyphemus
  3665 | D        | Reached skill level 20 in Stealth
  3668 | D        | Found Iwaen's Jewellery Shoppe.
  3668 | D        | Noticed a sea snake
  3671 | D        | Killed Ilsuiw
  3671 | D        | Reached XP level 13. HP: 55/55 MP: 25/34
  3714 | D        | Found Weythron's Antique Weapon Boutique.
  3714 | D        | Found Goff's Magic Scroll Emporium.
  3714 | D        | Noticed a merfolk javelineer
  3716 | D        | Killed a sea snake
  3806 | D        | Killed a merfolk javelineer
  3826 | D        | Got a barnacled rune of Zot
  4068 | D        | Noticed an elephant
  4068 | D        | Noticed an elephant
  4068 | D        | Noticed a dire elephant
  4068 | D        | Noticed a dire elephant
  4068 | D        | Noticed Gastronok
  4070 | D        | Killed Gastronok
  4071 | D        | Killed a dire elephant
  4071 | D        | Reached skill level 15 in Short Blades
  4073 | D        | Killed a dire elephant
  4077 | D        | Killed an elephant
  4079 | D        | Killed an elephant
  4234 | D        | Noticed an orc priest
  4234 | D        | Noticed an orc warrior
  4234 | D        | Noticed an orc wizard
  4235 | D        | Noticed an orc warrior
  4235 | D        | Noticed an orc warrior
  4235 | D        | Noticed an orc wizard
  4235 | D        | Noticed an orc high priest
  4235 | D        | Noticed an orc sorcerer
  4235 | D        | Noticed an orc priest
  4235 | D        | Noticed an orc warrior
  4235 | D        | Found Gogocsaewe's Book Emporium.
  4236 | D        | Killed an orc wizard
  4239 | D        | Killed an orc high priest
  4242 | D        | Killed an orc sorcerer
  4242 | D        | Reached skill level 21 in Stealth
  4243 | D        | Killed an orc wizard
  4245 | D        | Killed an orc priest
  4247 | D        | Killed an orc priest
  4253 | D        | Killed an orc warrior
  4265 | D        | Killed an orc warrior
  4270 | D        | Killed an orc warrior
  4280 | D        | Killed an orc warrior
  4423 | D        | Bought a book of Burglary for 975 gold pieces
  4427 | D        | Learned a level 3 spell: Passwall
  4432 | D        | Learned a level 4 spell: Passage of Golubria
  4438 | D        | Learned a level 5 spell: Lee's Rapid Deconstruction
  4445 | D        | Learned a level 6 spell: Darkness
  4452 | D        | Learned a level 6 spell: Invisibility
  4585 | D        | Bought a book of Clouds for 585 gold pieces
  4617 | D        | Learned a level 3 spell: Mephitic Cloud
  4624 | D        | Learned a level 6 spell: Freezing Cloud
  4656 | D        | Noticed a deep elf summoner
  4656 | D        | Noticed a deep elf conjurer
  4656 | D        | Noticed a deep elf priest
  4656 | D        | Noticed a deep elf knight
  4656 | D        | Noticed a deep elf priest
  4662 | D        | Noticed a deep elf annihilator
  4664 | D        | Killed a deep elf priest
  4666 | D        | Killed a deep elf knight
  4669 | D        | Killed a deep elf summoner
  4669 | D        | Reached skill level 1 in Transmutations
  4669 | D        | Reached skill level 1 in Air Magic
  4670 | D        | Killed a deep elf priest
  4670 | D        | Reached skill level 1 in Poison Magic
  4671 | D        | Noticed a deep elf demonologist
  4682 | D        | Killed a deep elf conjurer
  4682 | D        | Reached skill level 1 in Earth Magic
  4685 | D        | Noticed a deep elf annihilator
  4691 | D        | Noticed a deep elf demonologist
  4696 | D        | Noticed a deep elf high priest
  4830 | D        | Noticed a deep elf high priest
  4830 | D        | Killed a deep elf high priest
  5031 | D        | Noticed a deep elf blademaster
  5036 | D        | Noticed a reaper
  5037 | D        | Noticed an Executioner
  5037 | D        | Killed a deep elf annihilator
  5038 | D        | Noticed a lorocyproca
  5208 | D        | Killed a deep elf demonologist
  5211 | D        | Killed a deep elf demonologist
  5295 | D        | Got a dazzling rapier {venom}
  5297 | D        | Identified the +6 rapier of Plunder {venom, Dex+4} (You took it off a deep elf demonologist in the Dungeon)
  5979 | D        | Killed a deep elf annihilator
  6079 | D        | Got a twitching brass ring
  6081 | D        | Lost strength.
  6081 | D        | Identified the ring of Nekuxke {rC+ Str-4 Dex+4} (You took it off a deep elf high priest in the Dungeon)
  6123 | D        | Killed a deep elf high priest
  6525 | D        | Killed a deep elf blademaster
  6530 | D        | Got an ancient bone ring
  6530 | D        | Got a glittering copper ring
  6536 | D        | Identified Lee's Guide on Earth and Shape Shifting
  6540 | D        | Identified the Guide on the Mountains
  6627 | D        | Identified the ring of the Final Decision {rF+ AC+4} (You found it in the Dungeon)
  6629 | D        | Identified the ring "Sock" {+Fly MR+ MP+9 Str+3 SInv} (You found it in the Dungeon)
  6793 | D        | Noticed Sigmund
  6793 | D        | Noticed Edmund
  6795 | D        | Killed Sigmund
  6795 | D        | Reached skill level 22 in Stealth
  6795 | D        | Reached XP level 14. HP: 59/59 MP: 36/36
  6797 | D        | Killed Edmund
  6907 | D        | Noticed an orc priest
  6907 | D        | Noticed an orc priest
  6908 | D        | Noticed an orc priest
  6908 | D        | Noticed an orc high priest
  6909 | D        | Killed an orc priest
  6910 | D        | Killed an orc priest
  6914 | D        | Killed an orc priest
  6922 | D        | Killed an orc high priest
  7080 | D        | Noticed an orange crystal statue
  7097 | D        | Killed an orange crystal statue
  7182 | D        | Found Petsir's Assorted Antiques.
  7182 | D        | Found Ceamesch's Jewellery Shop.
  7182 | D        | Found Kygeol's Distillery.
  7182 | D        | Found Kisyc's Book Shoppe.
  7182 | D        | Found Leschul's Gadget Boutique.
  7182 | D        | Found Simuschu's Antique Armour Emporium.
  7182 | D        | Found Ronu's Magic Scroll Shoppe.
  7182 | D        | Found Vyragh's Gadget Shop.
  7182 | D        | Found Ilelueka's Magic Scroll Shop.
  7182 | D        | Found Alezeh's Food Emporium.
  7182 | D        | Found Fustapp's Antique Weapon Emporium.
  7182 | D        | Found Faridde's Antique Weapon Boutique.
  7199 | D        | Bought a scroll of identify for 20 gold pieces
  7199 | D        | Bought a scroll of identify for 20 gold pieces
  7199 | D        | Bought a scroll of identify for 20 gold pieces
  7204 | D        | Bought a potion of curing for 66 gold pieces
  7204 | D        | Bought a potion of heal wounds for 110 gold pieces
  7205 | D        | Bought a potion of magic for 88 gold pieces
  7205 | D        | Bought a potion of magic for 88 gold pieces
  7205 | D        | Bought 2 potions of heal wounds for 110 gold pieces
  7242 | D        | Noticed a spriggan defender
  7243 | D        | Noticed a spriggan defender
  7243 | D        | Noticed a spriggan defender
  7243 | D        | Noticed a spriggan defender
  7250 | D        | Killed a spriggan defender
  7251 | D        | Killed a spriggan defender
  7253 | D        | Killed a spriggan defender
  7254 | D        | Killed a spriggan defender
  7602 | D        | Noticed a yaktaur captain
  7603 | D        | Noticed a yaktaur captain
  7603 | D        | Noticed a yaktaur
  7651 | D        | Noticed a slime creature
  7653 | D        | Killed a slime creature
  7653 | D        | Reached skill level 5 in Transmutations
  7672 | D        | Noticed a centaur warrior
  7675 | D        | Killed a centaur warrior
  7689 | D        | Noticed a fire dragon
  7692 | D        | Killed a fire dragon
  7707 | D        | Noticed a centaur warrior
  7711 | D        | Killed a centaur warrior
  7851 | D        | Noticed a battleaxe of freezing
  7851 | D        | Noticed a long sword of holy wrath
  7851 | D        | Noticed a mace of draining
  7852 | D        | Noticed a vampiric halberd
  7985 | D        | Killed a long sword of holy wrath
  7991 | D        | Killed a vampiric halberd
  8282 | D        | Killed a battleaxe of freezing
  8444 | D        | Killed a mace of draining
  8840 | D        | Noticed a four-headed hydra simulacrum
  8840 | D        | Noticed a four-headed hydra simulacrum
  8841 | D        | Noticed a wolf simulacrum
  8841 | D        | Killed a wolf simulacrum
  8842 | D        | Noticed a black mamba simulacrum
  8845 | D        | Killed a four-headed hydra simulacrum
  8849 | D        | Killed a four-headed hydra simulacrum
  8850 | D        | Killed a black mamba simulacrum
  9079 | D        | Noticed a yaktaur
  9080 | D        | Killed a yaktaur captain
  9086 | D        | Killed a yaktaur captain
  9092 | D        | Killed a yaktaur
  9099 | D        | Killed a yaktaur
  9114 | D        | Noticed Azrael
  9116 | D        | Killed Azrael
  9169 | D        | Got a translucent buckler
  9180 | D        | Identified the +0 buckler of the Forest {Int-2 Slay+4} (You acquired it in the Dungeon)
  9181 | D        | Got a blackened buckler
  9192 | D        | Identified the +0 buckler of Ceogos {*Confuse rElec rN+ rCorr} (You acquired it in the Dungeon)
  9432 | D        | Bought a scroll of enchant armour for 75 gold pieces
  9434 | D        | Bought a scroll of holy word for 82 gold pieces
  9434 | D        | Bought a scroll of enchant armour for 82 gold pieces
  9450 | D        | Noticed a crystal guardian
  9450 | D        | Noticed a crystal guardian
  9450 | D        | Noticed a crystal guardian
  9450 | D        | Noticed a crystal guardian
  9451 | D        | Killed a crystal guardian
  9454 | D        | Killed a crystal guardian
  9467 | D        | Killed a crystal guardian
  9471 | D        | Killed a crystal guardian
  9611 | D        | Noticed a skeletal warrior
  9641 | D        | Killed a skeletal warrior
  9641 | D        | Reached skill level 1 in Shields
  9988 | D        | Noticed a yaktaur captain
  9989 | D        | Noticed a giant orange brain
  9989 | D        | Noticed a deep troll
  9989 | D        | Noticed a white ugly thing
  9991 | D        | Killed a giant orange brain
  9994 | D        | Killed a deep troll
  9994 | D        | Reached skill level 5 in Poison Magic
  9998 | D        | Killed a white ugly thing
 10039 | D        | Killed a yaktaur captain
 10039 | D        | Reached skill level 23 in Stealth
 10194 | D        | Noticed Chuck
 10194 | D        | Noticed a cyclops
 10196 | D        | Killed a cyclops
 10198 | D        | Killed Chuck
 10198 | D        | Reached skill level 5 in Earth Magic
 10370 | D        | Noticed a deep troll
 10371 | D        | Noticed Norris
 10372 | D        | Killed a deep troll
 10488 | D        | Noticed a red ugly thing
 10495 | D        | HP: 2/59 [Norris/morningstar of crushing (5)]
 10497 | D        | Killed Norris
 10497 | D        | Reached skill level 10 in Ice Magic
 10497 | D        | Reached skill level 5 in Air Magic
 10500 | D        | Killed a red ugly thing
 10509 | D        | Noticed a slime creature
 10512 | D        | Killed a slime creature
 10925 | D        | Noticed a lich
 10928 | D        | Killed a lich
 10936 | D        | Noticed a slime creature
 10938 | D        | Killed a slime creature
 10943 | D        | Noticed a shadow dragon
 10943 | D        | Noticed a shadow dragon
 10943 | D        | Noticed an ogre mage
 10945 | D        | Noticed a slime creature
 10982 | D        | Killed a slime creature
 11032 | D        | Killed an ogre mage
 11035 | D        | Killed a shadow dragon
 11035 | D        | Reached skill level 15 in Translocations
 11038 | D        | Killed a shadow dragon
 11038 | D        | Reached XP level 15. HP: 43/63 MP: 9/39
 11075 | D        | Noticed a vault guard
 11093 | D        | Killed a vault guard
 11177 | D        | Noticed a vault guard
 11177 | D        | Noticed a vault guard
 11178 | D        | Noticed a quicksilver dragon
 11186 | D        | Killed a vault guard
 11196 | D        | Noticed a stone giant
 11198 | D        | Killed a quicksilver dragon
 11204 | D        | Killed a vault guard
 11210 | D        | Noticed a vault guard
 11211 | D        | Killed a stone giant
 11272 | D        | Killed a vault guard
 11308 | D        | Noticed a fire giant
 11310 | D        | Killed a fire giant
 11310 | D        | Reached skill level 24 in Stealth
 11346 | D        | Noticed a vault guard
 11354 | D        | Killed a vault guard
 11405 | D        | Got a brightly glowing buckler
 11416 | D        | Identified the +0 buckler of the Jabberwock {rPois rC+ rCorr} (You acquired it in the Dungeon)
 11435 | D        | Learned a level 6 spell: Poisonous Cloud
 11456 | D        | Noticed a frost giant
 11469 | D        | Noticed a red ugly thing
 11470 | D        | Noticed an obsidian statue
 11472 | D        | Noticed a vault guard
 11474 | D        | Noticed a slime creature
 11477 | D        | Killed a frost giant
 11477 | D        | Reached skill level 5 in Shields
 11494 | D        | Killed a red ugly thing
 11527 | D        | Noticed a skeletal warrior
 11531 | D        | Noticed a golden dragon
 11540 | D        | Killed a skeletal warrior
 11691 | D        | Killed a golden dragon
 11817 | D        | Noticed a vault guard
 11818 | D        | Noticed a quicksilver dragon
 11829 | D        | Killed a vault guard
 11837 | D        | Killed a quicksilver dragon
 11837 | D        | Reached skill level 15 in Hexes
 11864 | D        | Noticed a vault guard
 11869 | D        | Noticed a vault guard
 11880 | D        | Noticed a vault guard
 11895 | D        | Killed a vault guard
 11910 | D        | Killed a vault guard
 11922 | D        | Killed a vault guard
 11924 | D        | Killed a vault guard
 11994 | D        | Noticed a vault guard
 12005 | D        | Killed a vault guard
 12049 | D        | Noticed a vault guard
 12050 | D        | Noticed a vault guard
 12050 | D        | Noticed a vault guard
 12051 | D        | Noticed a skeletal warrior
 12057 | D        | Killed a vault guard
 12058 | D        | Noticed a frost giant
 12067 | D        | Killed a skeletal warrior
 12085 | D        | Killed a vault guard
 12089 | D        | Killed a frost giant
 12090 | D        | Killed a vault guard
 12155 | D        | Noticed a frost giant
 12372 | D        | Killed a frost giant
 12372 | D        | Reached skill level 10 in Transmutations
 12409 | D        | Killed a slime creature
 12409 | D        | Reached skill level 10 in Armour
 12477 | D        | Killed an obsidian statue
 12515 | D        | Noticed a vault guard
 12516 | D        | Noticed a vault guard
 12538 | D        | Killed a vault guard
 12550 | D        | Killed a vault guard
 12570 | D        | Got a warped hat
 12581 | D        | Identified the +1 hat of the Gate {rElec Regen+ MP+9 Dex-2} (You found it in the Dungeon)
 12590 | D        | Got a spiked helmet
 12592 | D        | Got a silver rune of Zot
 12720 | D        | Noticed a skeletal warrior
 12721 | D        | Noticed an iron golem
 12722 | D        | Killed an iron golem
 12722 | D        | Reached skill level 25 in Stealth
 12723 | D        | Killed a skeletal warrior
 12739 | D        | Noticed a necromancer
 12741 | D        | Killed a necromancer
 12760 | D        | Noticed a hell knight
 12760 | D        | Noticed a hell knight
 12761 | D        | Noticed a hell knight
 12761 | D        | Noticed a hell knight
 12762 | D        | Killed a hell knight
 12763 | D        | Killed a hell knight
 12765 | D        | Killed a hell knight
 12765 | D        | Reached skill level 10 in Conjurations
 12766 | D        | Killed a hell knight
 12782 | D        | Noticed a lich
 12784 | D        | Killed a lich
 12992 | D        | Noticed a mummy priest
 12992 | D        | Noticed a sphinx
 12992 | D        | Noticed a sphinx
 12993 | D        | Killed a mummy priest
 13097 | D        | Killed a sphinx
 13098 | D        | Killed a sphinx
 13098 | D        | Reached XP level 16. HP: 66/66 MP: 41/41
 13149 | D        | Learned a level 3 spell: Stone Arrow
 13328 | D        | Noticed a guardian mummy
 13330 | D        | Killed a guardian mummy
 13333 | D        | Noticed a guardian mummy
 13334 | D        | Noticed the iron giant
 13334 | D        | Noticed an Ice Fiend
 13334 | D        | Noticed an Ice Fiend
 13334 | D        | Noticed an ancient lich
 13339 | D        | Mangled by an Ice Fiend

Vault maps used:
D:        dungeon_sprint_mu

Action                   |  1- 3 |  4- 6 |  7- 9 | 10-12 | 13-15 | 16-18 || total
-------------------------+-------+-------+-------+-------+-------+-------++-------
Melee: Dagger            |    21 |     9 |    71 |   131 |    43 |       ||   275
       Rapier            |       |       |       |       |   324 |     4 ||   328
 Cast: Corona            |     1 |       |       |       |       |       ||     1
       Dazzling Spray    |       |     4 |     2 |    32 |   140 |       ||   178
       Ensorcelled Hiber |       |       |    20 |    51 |    24 |       ||    95
       Tukima's Dance    |       |       |       |     8 |    10 |       ||    18
       Apportation       |       |       |       |       |    25 |       ||    25
       Passwall          |       |       |       |       |     4 |       ||     4
       Freezing Cloud    |       |       |       |       |    12 |       ||    12
       Passage of Golubr |       |       |       |       |     3 |       ||     3
       Mephitic Cloud    |       |       |       |       |     6 |       ||     6
       Lee's Rapid Decon |       |       |       |       |    27 |       ||    27
       Invisibility      |       |       |       |       |     3 |     1 ||     4
       Confuse           |       |       |       |       |     8 |       ||     8
       Poisonous Cloud   |       |       |       |       |     1 |       ||     1
       Darkness          |       |       |       |       |       |     1 ||     1
Invok: Shadow Step       |       |       |       |    15 |    21 |     1 ||    37
 Abil: Evoke Flight      |       |       |       |       |     3 |       ||     3
Evoke: Wand              |       |       |       |       |     7 |       ||     7
  Use: Scroll            |       |     5 |       |       |    20 |       ||    25
       Potion            |       |     4 |       |     1 |     7 |       ||    12
 Stab: Sleeping          |     3 |     6 |    22 |    76 |    57 |     1 ||   165
       Invisible         |       |       |     4 |     4 |    11 |       ||    19
       Distracted        |       |       |       |     1 |     9 |       ||    10
       Confused          |       |       |       |       |     7 |       ||     7
  Eat: Bread ration      |       |       |       |     1 |     1 |       ||     2
       Fruit             |       |       |       |       |     5 |       ||     5
